 Dungeon Crawl Stone Soup version 0.31-a0-833-gc15d34cb79 (webtiles) character file.

Game seed: 18120284769948930725

448 demibob the Cudgeller (level 7, -2/41 HPs)
             Began as a Gargoyle Chaos Knight on Sept 25, 2023.
             Was a Plaything of Xom.
             Slain by a gnoll
             ... wielding a +0 halberd
              (3 damage)
             ... on level 4 of the Dungeon.
             The game lasted 00:05:04 (2549 turns).

demibob the Cudgeller (Gargoyle Chaos Knight)       Turns: 2549, Time: 00:05:04

Health: -2/41      AC: 11    Str: 16    XL:     7   Next: 3%
Magic:  0/7        EV: 11    Int: 12    God:    Xom [......]
Gold:   110        SH:  0    Dex: 11    Spells: 6/6 levels left

rFire   . . .        a - +0 morningstar
rCold   . . .        (no shield)
rNeg    + + .        b - +3 leather armour
rPois   ∞            (no helmet)
rElec   +            (no cloak)
rCorr   .            (no gloves)
SInv    .            (no boots)
Will    .....        g - amulet of guardian spirit
Stlth   +            N - ring of positive energy
HPRegen 0.26/turn    (no ring)
MPRegen 0.10/turn

%: guardian spirit
@: mighty
A: sickness immunity, AC +4, negative energy resistance 1, electricity
resistance, torment resistance 1, petrification resistance
a: Renounce Religion


You were on level 4 of the Dungeon.
You worshipped Xom.
You were a very special plaything of Xom.
You visited 1 branch of the dungeon, and saw 4 of its levels.

You collected 110 gold pieces.


Innate Abilities, Weirdness & Mutations

You are immune to sickness and miasma.
Your stone body is resilient. (AC +4)
You are immune to poison.
You resist negative energy. (rN+)
You are resistant to electric shocks. (rElec)
You are resistant to unholy torment.
You are immune to petrification.


   Skills:
 - Level 3.2 Fighting
 + Level 7.7 Maces & Flails
 - Level 2.1 Armour
 - Level 0.7 Dodging


You had 6 spell levels left.
You didn't know any spells.
Your spell library was empty.

Inventory:

Hand Weapons
 a - a +0 morningstar (weapon)
 i - a +0 mace of chaos
Missiles
 l - 2 atropa-tipped darts
Armour
 b - a +3 leather armour (worn)
Jewellery
 g - an amulet of guardian spirit (around neck)
 n - a ring of positive energy
 N - a ring of positive energy (left hand)
Potions
 e - 2 potions of mutation
 f - a potion of magic
 h - a potion of resistance

Dungeon Overview and Level Annotations

Branches:
Dungeon (4/15)
 Temple: D:4-7

Altars:
Dithmenos

# ..... ###.##
....#
#....##....#. .##
##..#.........
....#...#........▒
...............▒..
.................▒
..................
.....J.)@.<.......
.......g..##.g....
........)## .....
......##.# ....
...... ... ...
#......... g#
#.......### #
....#.. ####.


You could see a gnoll, an endoplasm (strong) and a goblin.


Message History

You puncture the gnoll!
You kill the gnoll!
The gnoll hits you from afar with a +0 halberd.
* * * LOW HITPOINT WARNING * * *
The gnoll hits you but does no damage.
You have reached level 7!
The endoplasm quivers.
The gnoll hits you with a +0 halberd.
* * * LOW HITPOINT WARNING * * *
The gnoll hits you with a +0 halberd!
* * * LOW HITPOINT WARNING * * *
You thump the gnoll!
You kill the gnoll!
You hear Xom's avuncular chuckle.
The endoplasm seems to grow stronger.
The gnoll closely misses you.
You barely miss the gnoll. The gnoll hits you but does no damage.
The goblin shoots a sling bullet.
The sling bullet hits you but does no damage.
You hit the gnoll.
The gnoll is heavily wounded.
The gnoll hits you with a +0 halberd.
* * * LOW HITPOINT WARNING * * *
Xom is highly amused!
The goblin shoots a sling bullet.
The sling bullet misses you.
You aren't carrying any scrolls.
Unknown command.
You closely miss the gnoll.
The gnoll is moderately wounded.
The gnoll hits you with a +0 halberd.
You die...

Skill      XL: |  1  2  3  4  5  6 |
---------------+-------------------+-----
Maces & Flails | 4 5 6 7 |  7.7
Fighting       | |  3.2
Armour         | |  2.1
Dodging        | |  0.7

Action                     |  1- 3 |  4- 6 |  7- 9 || total
---------------------------+-------+-------+-------++-------
  Melee: Mace              |    96 |     8 |       ||   104
         Punch             |     1 |       |       ||     1
         Morningstar       |       |   119 |     4 ||   123
    Use: Scroll            |     7 |     6 |       ||    13
         Potion            |       |     3 |       ||     3
   Stab: Sleeping          |       |     1 |       ||     1
 Armour: Leather armour    |    61 |   112 |     6 ||   179
  Dodge: Dodged            |    70 |   107 |     2 ||   179

Levels and vault maps discovered:
D:1:      sevenhm_arrival_forest_fort_small_6, layout_rooms
D:2:      layout_rooms, dilly_ecumenical_altar_fadedgnrine
D:3:      layout_basic, portal_sewer_entry_b, roderic_serpentine_path,
          amcnicky_mini_pool_small, chequers_garden, feat_on_display, uniq_pargi
D:4:      layout_cave_pools, mainiacjoe_overflow_brackets,
          grunt_temple_overflow_lords_of_destruction,
          minmay_temple_entry_slanted, kennysheep_generic_room_3

Notes
Turn   | Place    | Note
-------+----------+-------------------------------------------
     0 | D:1      | demibob the Gargoyle Chaos Knight began the quest for the
                  | Orb.
     0 | D:1      | Reached XP level 1. HP: 14/14 MP: 1/1
    45 | D:1      | Reached XP level 2. HP: 19/19 MP: 2/2
   287 | D:1      | Reached skill level 4 in Maces & Flails
   334 | D:1      | XOM: silly message
   338 | D:1      | Reached XP level 3. HP: 20/23 MP: 3/3
   398 | D:1      | Identified a potion of resistance
   755 | D:2      | Found a faded altar of an unknown god.
   771 | D:2      | XOM: silly message
   862 | D:3      | XOM: enchant monster (bad)
   960 | D:3      | Reached XP level 4. HP: 26/28 MP: 4/4
   980 | D:3      | Noticed Pargi
   988 | D:3      | XOM: noise
   991 | D:3      | Killed Pargi
   992 | D:3      | Reached skill level 5 in Maces & Flails
   992 | D:3      | Reached XP level 5. HP: 32/32 MP: 5/5
  1101 | D:3      | Reached skill level 6 in Maces & Flails
  1101 | D:3      | Reached XP level 6. HP: 29/37 MP: 4/6
  1780 | D:3      | XOM: silly message
  1872 | D:3      | XOM: silly message
  1963 | D:4      | Found a shadowy altar of Dithmenos.
  1988 | D:4      | Reached skill level 7 in Maces & Flails
  2000 | D:4      | HP: 3/37 [ogre/+0 giant spiked club (21)]
  2545 | D:4      | Reached XP level 7. HP: 16/41 MP: 3/7
  2545 | D:4      | HP: 4/41 [gnoll/+0 halberd (8)]
  2546 | D:4      | XOM: enchant monster (bad)
  2548 | D:4      | HP: 1/41 [gnoll/+0 halberd (4)]
  2549 | D:4      | Slain by a gnoll

Vanquished Creatures
  Pargi (D:3)
  An ogre (D:4)
  A bullfrog (D:3)
  A sleepcap (D:4)
  3 adders
  8 gnolls
  A river rat (D:3)
  2 worms (D:3)
  2 orcs (D:3)
  10 ball pythons
  3 endoplasms
  3 giant cockroaches (D:1)
  4 goblins
  3 hobgoblins
  3 jackals (D:3)
  5 bats
  3 frilled lizards
  4 kobolds
  4 rats
62 creatures vanquished.

Table legend: (Time is in decaauts)
 A = Elapsed time spent in this place.
 B = Non-inter-level travel time spent in this place.
 C = Inter-level travel time spent in this place.
 D = Time resting spent in this place.
 E = Time spent auto-exploring this place.
 F = Levels seen in this place.
 G = Mean time per level.
                   A        B        C        D        E       F      G
               +--------+--------+--------+--------+--------+-----+--------+
         Total |   2594 |   2297 |    297 |    273 |   1419 |   4 |  648.5 |
       Dungeon |   2594 |   2297 |    297 |    273 |   1419 |   4 |  648.5 |
               +--------+--------+--------+--------+--------+-----+--------+

Top non-repeatable levels by time:
     D:3: 1607 daAuts
     D:1: 434 daAuts
     D:2: 407 daAuts
     D:4: 146 daAuts

Table legend:
 A = Non-vault XP
 B = Vault XP
 C = Vault XP percentage of total XP
 D = Non-vault monster count
 E = Vault monster count
 F = Vault count percentage of total count
                 A         B        C        D         E       F
            +---------+---------+-------+---------+---------+-------
      Total |     483 |     157 |  24.5 |      57 |       5 |   8.1
            +---------+---------+-------+---------+---------+-------
        D:1 |      37 |       0 |   0.0 |      21 |       0 |   0.0
        D:2 |       6 |       0 |   0.0 |       4 |       0 |   0.0
        D:3 |     243 |     157 |  39.2 |      26 |       5 |  16.1
        D:4 |     197 |       0 |   0.0 |       6 |       0 |   0.0
            +---------+---------+-------+---------+---------+-------
